[Event "2nd Irena Warakomska Memorial-A"]
[Site "Suwalki"]
[Date "2018.08.02"]
[Round "2"]
[White "Bugalski, Michal"]
[Black "Walkusz, Witoslaw"]
[Result "0-1"]
[ECO "A16"]
[WhiteElo "2263"]
[BlackElo "2121"]
[Annotator "NA"]
[PlyCount "58"]
[EventDate "2018.08.01"]
[EventType "swiss"]
[EventCountry "POL"]
[SourceTitle "playchess.com"]
[Source "ChessBase"]
[SourceQuality "1"]
[TimeControl "40/5400+30:1800+30"]

1. c4 Nf6 2. g3 g6 3. Bg2 d5 4. cxd5 Nxd5 5. Nc3 Nb6 6. Nf3 Nc6 7. d3 Bg7 8. a3 O-O 9. Be3 e5 10. h4 h5 11. Ng5 Nd4 12. Nce4 Nd5 13. Bxd4 exd4 14. Qb3 c6 15. O-O Qe7 16. Rfe1 Kh8 17. Rac1 f6 18. Nh3 Bh6 19. Rc4 Bxh3 20. Bxh3 f5 21. Nc5 b6 22. Na6 f4 23. Rxc6 fxg3 24. fxg3 Qe3+ 25. Kh2 Qf2+ 26. Bg2 Ne3 27. Rg1 Ng4+ 28. Kh1 Qxg3 29. a4 Qh2# 0-1

[Event "2nd Irena Warakomska Memorial-A"]
[Site "Suwalki"]
[Date "2018.08.02"]
[Round "2"]
[White "Tomaszewski, Roman"]
[Black "Jankowiak, Tomasz"]
[Result "1-0"]
[ECO "A20"]
[WhiteElo "2258"]
[BlackElo "2117"]
[Annotator "NA"]
[PlyCount "61"]
[EventDate "2018.08.01"]
[EventType "swiss"]
[EventCountry "POL"]
[SourceTitle "playchess.com"]
[Source "ChessBase"]
[SourceQuality "1"]
[TimeControl "40/5400+30:1800+30"]

1. c4 e5 2. g3 Nf6 3. Bg2 d5 4. cxd5 Nxd5 5. Nc3 Nb6 6. Nf3 Nc6 7. O-O Be7 8. d3 O-O 9. Be3 Be6 10. Qc1 Nd5 11. Rd1 {[%emt 0:20:32] A29: English Opening: Four Knights Variation with 4 g3} Qd7 12. Bd2 (12. d4 Nxe3 13. fxe3 exd4 14. exd4 Bg4 15. d5 Bxf3 16. exf3 Ne5 17. Ne4 Bd6 18. Qc3 Qb5 {½-½ (26) Adhiban,B (2636)-Szabo,G (2548) Zalakaros 2015}) 12... f6 13. Ne4 $146 ({Predecessor:} 13. a3 Rac8 14. Ne4 b6 15. b4 Nd4 16. Nxd4 exd4 17. e3 f5 18. exd4 fxe4 19. dxe4 Nf6 20. Be3 Bh3 21. f3 Bxg2 22. Kxg2 Qb5 23. e5 Qe2+ 24. Bf2 Ng4 25. Rf1 {0-1 (25) Espineira Gonzalez,P (2213)-Espineira Gonzalez,D (2371) Sanxenxo 2012}) 13... b6 14. a3 a5 15. Nc3 Rfc8 16. Qc2 Nd4 17. Nxd4 exd4 18. Nxd5 Bxd5 19. Bxd5+ Qxd5 20. Rac1 c5 21. a4 Rd8 22. e4 dxe3 23. Bxe3 Rac8 24. b3 Kf7 25. Qc4 Qe6 26. Qb5 Rd5 $11 27. Re1 c4 28. Qa6 Rxd3 29. Bc5 Bxc5 30. Rxe6 Kxe6 31. Qxc8+ 1-0

[Event "2nd Irena Warakomska Memorial-A"]
[Site "Suwalki"]
[Date "2018.08.02"]
[Round "2"]
[White "Mulet, Piotr"]
[Black "Lisowski, Krzysztof"]
[Result "1-0"]
[ECO "B30"]
[WhiteElo "2238"]
[BlackElo "2072"]
[Annotator "NA"]
[PlyCount "107"]
[EventDate "2018.08.01"]
[EventType "swiss"]
[EventCountry "POL"]
[SourceTitle "playchess.com"]
[Source "ChessBase"]
[SourceQuality "1"]
[TimeControl "40/5400+30:1800+30"]

1. e4 c5 2. Nf3 Nc6 3. c3 d5 4. exd5 Qxd5 5. d4 Bg4 6. Be2 cxd4 7. cxd4 e6 8. Nc3 Qa5 9. d5 {[%emt 0:00:59] B22: Sicilian: 2 c3} exd5 10. Nd4 Bxe2 11. Qxe2+ Be7 12. Nxc6 bxc6 13. O-O Rd8 {[%emt 0:33:17] [#]} 14. Bf4 $146 ({Predecessor:} 14. Re1 d4 15. Ne4 Qb5 16. Qxb5 cxb5 {1-0 (39) Vysochin,S (2550)-Bogatyrev,S (2277) Yuzhny 2009}) 14... Nf6 15. Rfe1 Rd7 16. Bd6 Qd8 17. Bc5 Kf8 18. Bd4 c5 19. Be5 h5 20. Rad1 d4 21. Nb5 Nd5 22. Qf3 Rh6 23. Na3 h4 24. h3 Kg8 25. Nc4 Bg5 26. Re2 Re6 27. Rde1 Nb6 28. Nd6 Rdxd6 29. Bxd6 Qxd6 30. Rxe6 fxe6 31. Qg4 Qf4 32. Qxe6+ Kh7 33. Re4 Qc1+ 34. Kh2 Bf4+ 35. g3 hxg3+ 36. Kg2 gxf2 37. Qf5+ g6 38. Qf7+ Kh6 39. Qxf4+ Qxf4 40. Rxf4 Kg5 41. Rxf2 Nd5 42. Rf7 Ne3+ 43. Kf3 Nc4 44. Rc7 Nd2+ $18 (44... Nxb2 45. Rxc5+ Kh4) 45. Ke2 Ne4 46. Kd3 Kf4 47. Rf7+ Ke5 48. Rxa7 Nf2+ 49. Kc4 d3 50. Rd7 Ke4 51. Re7+ Kf3 52. Rf7+ Ke3 53. Rxf2 Kxf2 54. Kxd3 1-0

[Event "2nd Irena Warakomska Memorial-A"]
[Site "Suwalki"]
[Date "2018.08.02"]
[Round "2"]
[White "Zgadzaj, Rafal"]
[Black "Kowalski, Igor"]
[Result "0-1"]
[ECO "A40"]
[WhiteElo "2154"]
[BlackElo "2294"]
[Annotator "NA"]
[PlyCount "98"]
[EventDate "2018.08.01"]
[EventType "swiss"]
[EventCountry "POL"]
[SourceTitle "playchess.com"]
[Source "ChessBase"]
[SourceQuality "1"]
[TimeControl "40/5400+30:1800+30"]

1. d4 e6 2. g3 Nf6 3. Bg2 d5 4. Nf3 Be7 5. O-O O-O 6. c4 dxc4 {[%emt 0:00:00] LiveBook: 7787 Games} 7. Na3 Bxa3 8. bxa3 Nbd7 {[%emt 0:01:10] E05: Open Catalan: 5 Nf3 Be7} 9. Qc2 (9. a4 a5 10. Ba3 Re8 11. Rc1 Nb6 12. Ne5 Nfd5 13. e4 Nb4 14. Qh5 Qe7 15. Nxc4 Nxc4 16. Rxc4 {1-0 (28) Jones,G (2671)-Friedel,J (2524) Reykjavik 2017}) 9... Nb6 10. Rd1 $146 ({Predecessor:} 10. e4 Bd7 11. e5 Nfd5 12. Ng5 g6 13. Ne4 Bc6 14. Bg5 Qc8 15. Qd2 c3 16. Nxc3 Nxc3 17. Bxc6 bxc6 18. Qxc3 {½-½ (75) Gabrielian,A (2557)-Batchuluun,T (2523) St Petersburg 2014}) 10... Bd7 11. Re1 Ba4 12. Qb2 Bc6 13. Bg5 Be4 14. Rac1 Qd5 15. Bxf6 gxf6 16. Red1 Na4 17. Qb4 b5 18. Ne1 Bxg2 19. Nxg2 a5 20. Qe7 Qd8 21. Qxd8 Rfxd8 22. Nf4 b4 23. e3 Nb2 24. Rf1 e5 25. Rc2 c3 26. Ne2 Ra6 27. Rfc1 Nc4 28. Nxc3 bxc3 29. Rxc3 Nd2 30. dxe5 fxe5 31. Rxc7 Rd3 32. Kg2 Rxa3 33. R1c2 Ne4 34. Kf3 Ra4 35. h4 Rd6 36. Re7 Rd2 37. Rec7 Kg7 38. g4 h6 39. R7c4 Rxc4 40. Rxc4 Nxf2 41. Ra4 $19 e4+ 42. Kg3 Re2 43. Rxa5 Nd3 44. a4 Rxe3+ 45. Kg2 Nf4+ 46. Kf2 Rf3+ 47. Ke1 e3 48. Rf5 e2 49. Kd2 Rd3+ 0-1

[Event "2nd Irena Warakomska Memorial-A"]
[Site "Suwalki"]
[Date "2018.08.02"]
[Round "2"]
[White "Praczukowski, Stanislaw"]
[Black "Kyc, Jerzy"]
[Result "1/2-1/2"]
[ECO "D83"]
[WhiteElo "2136"]
[BlackElo "2283"]
[Annotator "ChessBase"]
[PlyCount "83"]
[EventDate "2018.08.01"]
[EventType "swiss"]
[EventCountry "POL"]
[SourceTitle "playchess.com"]
[Source "ChessBase"]
[SourceQuality "1"]
[TimeControl "40/5400+30:1800+30"]

1. d4 Nf6 2. c4 g6 3. Nc3 d5 4. Bf4 Bg7 5. e3 O-O 6. Rc1 c5 7. dxc5 Be6 8. Nf3 dxc4 9. Qxd8 Rxd8 10. Ng5 Bd5 11. e4 Bc6 12. Bxc4 e6 13. f3 h6 14. Nh3 Nh5 15. Be3 Nd7 16. Nf2 Ne5 17. Be2 g5 18. g3 Ng6 19. Nd3 a5 20. O-O f5 21. Rfd1 Bxc3 22. Rxc3 fxe4 23. fxe4 Nf6 24. Nf2 Nxe4 25. Rxd8+ Rxd8 26. Nxe4 Bxe4 27. Ra3 Ne5 28. Rxa5 Nf3+ 29. Bxf3 Bxf3 30. h4 gxh4 31. gxh4 Kg7 32. Ra3 Rd1+ 33. Kf2 Bd5 34. Bf4 Kg6 35. Rg3+ Kh5 36. a3 Rb1 37. Be5 Kxh4 38. Bg7 Rc1 39. Rg6 Rxc5 40. Rxh6+ Kg5 41. Rh8 Kf4 42. Rh4+ 1/2-1/2

[Event "2nd Irena Warakomska Memorial-A"]
[Site "Suwalki"]
[Date "2018.08.02"]
[Round "2"]
[White "Kuchava, Ana"]
[Black "Bykovskiy, Oleg"]
[Result "0-1"]
[ECO "A46"]
[WhiteElo "2124"]
[BlackElo "2263"]
[Annotator "NA"]
[PlyCount "82"]
[EventDate "2018.08.01"]
[EventType "swiss"]
[EventCountry "POL"]
[SourceTitle "playchess.com"]
[Source "ChessBase"]
[SourceQuality "1"]
[TimeControl "40/5400+30:1800+30"]

1. d4 Nf6 2. Nf3 e6 3. e3 b6 4. Bd3 Bb7 5. O-O Be7 6. b3 d5 7. Bb2 Nbd7 8. c4 dxc4 9. bxc4 O-O 10. Nbd2 c5 11. Qe2 Rc8 12. Nb3 Qc7 13. Rac1 Ng4 14. Ne5 Ndxe5 15. dxe5 f5 16. f4 Qc6 17. Rc2 Rcd8 18. Nc1 Qa4 19. h3 Nxe3 20. Qxe3 Rxd3 21. Qxd3 Be4 22. Qb3 Bxc2 23. Qxa4 Bxa4 24. Ne2 Rd8 25. Nc3 Bc6 26. Rd1 Rd4 27. Rxd4 cxd4 28. Nb5 d3 29. Kf1 Bb4 30. Nc3 d2 31. Nd1 Be4 32. Kf2 Bc5+ 33. Ke2 Bxg2 34. h4 h6 35. Kxd2 Be7 36. Ke3 Bxh4 37. Ba3 Bf1 38. Nb2 g5 39. Bd6 g4 40. c5 g3 41. c6 g2 0-1

[Event "2nd Irena Warakomska Memorial-A"]
[Site "Suwalki"]
[Date "2018.08.02"]
[Round "2"]
[White "Dmochowska, Agnieszka"]
[Black "Sowul, Bartosz"]
[Result "1/2-1/2"]
[ECO "B37"]
[WhiteElo "2096"]
[BlackElo "2257"]
[Annotator "NA RC"]
[PlyCount "120"]
[EventDate "2018.08.01"]
[EventType "swiss"]
[EventCountry "POL"]
[SourceTitle "playchess.com"]
[Source "ChessBase"]
[SourceQuality "1"]
[TimeControl "40/5400+30:1800+30"]

1. e4 c5 2. Nf3 g6 3. d4 cxd4 4. Nxd4 Bg7 5. c4 Nc6 6. Nc2 e6 {[%emt 0:00:58] B37: Sicilian: Maroczy Bind with 5...Bg7, sidelines} (6... d6 7. Be2 Nf6 8. Nc3 O-O 9. O-O Be6 10. Bd2 Nd7 11. Rc1 Nc5 12. b4 Bxc3 13. Bxc3 Nxe4 14. Ba1 a5 15. b5 Ne5 16. Qd4 Nf6 17. Ne3 Ned7 18. Bf3 {1-0 (33) Aronian,L (2785)-Flores,D (2579) Doha 2016}) 7. Be2 Nge7 8. Nc3 f5 9. Qd3 $146 ({Predecessor:} 9. h4 fxe4 10. Nxe4 d5 11. Ng3 O-O 12. h5 Qb6 13. O-O Be5 14. cxd5 exd5 {½-½ (49) Rapoport,V (2254)-Lueders,G (2229) Sottrum 2005}) 9... fxe4 10. Nxe4 d5 11. Ng5 Ne5 12. Qb3 O-O 13. O-O dxc4 14. Bxc4 Nxc4 15. Qxc4 Qd5 16. Qe2 Qf5 17. Nf3 Nc6 18. Ne3 Qh5 19. Nc4 e5 20. Nd6 Be6 21. Ne4 h6 22. Bd2 Kh8 23. Ng3 Qg4 24. h3 Qc4 25. Qxc4 Bxc4 26. Rfe1 Bd5 27. Ne4 Nd4 28. Nxd4 exd4 29. Nd6 Rad8 30. Bb4 a5 31. Ba3 Rf6 32. Ne8 Re6 33. Nxg7 Kxg7 34. b3 Kf7 35. f3 g5 (35... d3 $5 36. Rxe6 Bxe6 $15) 36. Rad1 d3 37. Kf2 Rxe1 38. Rxe1 Be6 39. Rd1 a4 40. Ke3 axb3 41. axb3 Ra8 42. Bc5 Bf5 43. Rd2 Ke6 44. g4 Bg6 45. Kf2 Kd5 46. Be3 Ra3 47. Rb2 Ra1 48. f4 gxf4 49. Bxf4 h5 50. gxh5 Bxh5 51. Ke3 Be2 52. h4 Rf1 53. Bg5 Rf3+ 54. Kd2 Rf5 55. Ra2 b5 56. Ra1 $11 Ke4 57. Rc1 Rf2 58. Kc3 Bg4 59. Re1+ Be2 60. Rc1 Bg4 1/2-1/2

[Event "2nd Irena Warakomska Memorial-A"]
[Site "Suwalki"]
[Date "2018.08.02"]
[Round "2"]
[White "Sliwerski, Radoslaw"]
[Black "Kumala, Aleksander"]
[Result "0-1"]
[ECO "A86"]
[WhiteElo "1990"]
[BlackElo "2238"]
[Annotator "NA"]
[PlyCount "56"]
[EventDate "2018.08.01"]
[EventType "swiss"]
[EventCountry "POL"]
[SourceTitle "playchess.com"]
[Source "ChessBase"]
[SourceQuality "1"]
[TimeControl "40/5400+30:1800+30"]

1. d4 f5 2. c4 Nf6 3. g3 g6 4. Bg2 Bg7 5. Nc3 d6 6. Nf3 O-O 7. O-O Qe8 8. d5 Na6 9. Qb3 Nc5 10. Qa3 Nce4 11. Nxe4 Nxe4 12. Be3 c5 13. dxc6 bxc6 14. Nd2 d5 15. Nxe4 fxe4 16. Bc5 Rf7 17. f3 exf3 18. Rxf3 e5 19. cxd5 cxd5 20. Rd3 e4 21. Rxd5 Bb7 22. Rd2 Rc8 23. Bh3 e3 24. Bxc8 exd2 25. Bxb7 Qxe2 26. h4 d1=Q+ 27. Rxd1 Qxd1+ 28. Kh2 Rxb7 0-1

[Event "2nd Irena Warakomska Memorial-A"]
[Site "Suwalki"]
[Date "2018.08.03"]
[Round "3"]
[White "Socko, Bartosz"]
[Black "Omelja, Artem"]
[Result "1/2-1/2"]
[ECO "C67"]
[WhiteElo "2611"]
[BlackElo "2431"]
[Annotator "ChessBase"]
[PlyCount "83"]
[EventDate "2018.08.01"]
[EventType "swiss"]
[EventCountry "POL"]
[SourceTitle "playchess.com"]
[Source "ChessBase"]
[SourceQuality "1"]
[TimeControl "40/5400+30:1800+30"]

1. e4 e5 2. Nf3 Nc6 3. Bb5 Nf6 4. O-O Nxe4 5. Re1 Nd6 6. Nxe5 Be7 7. Bf1 Nxe5 8. Rxe5 O-O 9. Nc3 Ne8 10. Nd5 Bd6 11. Re1 c6 12. Ne3 Be7 13. c4 Nc7 14. d4 d5 15. cxd5 Bb4 16. Bd2 Bxd2 17. Qxd2 Nxd5 18. Nxd5 Qxd5 19. Re5 Qd6 20. Bc4 Bd7 21. Rae1 Rae8 22. Qf4 Rxe5 23. dxe5 Qe7 24. a3 Be6 25. Bxe6 Qxe6 26. Qd4 b6 27. f4 c5 28. Qd2 Re8 29. h3 g6 30. Rd1 f6 31. Re1 Qf7 32. Re3 fxe5 33. fxe5 Qe6 34. Kh2 Kg7 35. Re1 Re7 36. Kh1 Rd7 37. Qe3 Re7 38. Qg5 Rf7 39. Qg3 Re7 40. Qg5 Rf7 41. Qg3 Re7 42. Qg5 1/2-1/2

[Event "2nd Irena Warakomska Memorial-A"]
[Site "Suwalki"]
[Date "2018.08.03"]
[Round "3"]
[White "Ovsejevitsch, Sergei"]
[Black "Matviishen, Viktor"]
[Result "0-1"]
[ECO "A33"]
[WhiteElo "2597"]
[BlackElo "2437"]
[Annotator "ChessBase"]
[PlyCount "102"]
[EventDate "2018.08.01"]
[EventType "swiss"]
[EventCountry "POL"]
[SourceTitle "playchess.com"]
[Source "ChessBase"]
[SourceQuality "1"]
[TimeControl "40/5400+30:1800+30"]

1. c4 Nf6 2. Nc3 c5 3. Nf3 Nc6 4. d4 cxd4 5. Nxd4 e6 6. a3 d5 7. cxd5 exd5 8. Bg5 Be7 9. e3 O-O 10. Be2 h6 11. Bh4 Be6 12. O-O Qd7 13. Qa4 a6 14. Rad1 b5 15. Qb3 Rac8 16. Nxc6 Qxc6 17. Bf3 Qc4 18. Qxc4 Rxc4 19. Bg3 Bxa3 20. Nxb5 Bxb2 21. Rb1 Rc2 22. Nc7 a5 23. Nxe6 fxe6 24. Bd1 Rd2 25. f3 Bc3 26. Rb6 e5 27. Rc6 Bb2 28. Ra6 Ng4 29. Bb3 Nxe3 30. Rf2 Rxf2 31. Bxf2 Rb8 32. Ba4 Nc4 33. Bc6 Rd8 34. Ra8 Rxa8 35. Bxd5+ Kf8 36. Bxa8 Bd4 37. Kf1 Bxf2 38. Kxf2 Nb6 39. Be4 Ke7 40. Ke3 Kd6 41. Bc2 a4 42. Ke4 a3 43. Bb3 g6 44. Bf7 Kc5 45. Ba2 Nc4 46. h4 Kb4 47. Kd3 Nd6 48. g4 g5 49. hxg5 hxg5 50. Bg8 Kc5 51. Ba2 Nb5 {[%emt 0:00:13] Kd4+} 0-1

[Event "2nd Irena Warakomska Memorial-A"]
[Site "Suwalki"]
[Date "2018.08.03"]
[Round "3"]
[White "Markowski, Tomasz"]
[Black "Sliwicki, Damian"]
[Result "1-0"]
[ECO "A15"]
[WhiteElo "2562"]
[BlackElo "2220"]
[Annotator "ChessBase"]
[PlyCount "117"]
[EventDate "2018.08.01"]
[EventType "swiss"]
[EventCountry "POL"]
[SourceTitle "playchess.com"]
[Source "ChessBase"]
[SourceQuality "1"]
[TimeControl "40/5400+30:1800+30"]

1. c4 Nf6 2. g3 c5 3. Bg2 Nc6 4. Nc3 e6 5. Nf3 Be7 6. O-O O-O 7. d4 d5 8. cxd5 Nxd5 9. Nxd5 exd5 10. dxc5 Bxc5 11. Ng5 Bd4 12. Nh3 Bxh3 13. Bxh3 Re8 14. Bg2 Bf6 15. Bxd5 Nb4 16. Bxb7 Qxd1 17. Rxd1 Rab8 18. Bf3 Nc2 19. Rb1 Na3 20. Bf4 Nxb1 21. Bxb8 Rxb8 22. Rxb1 Rxb2 23. Rc1 g6 24. Rc8+ Kg7 25. Rc7 Bd4 26. a4 Bb6 27. Rc4 Rd2 28. e3 Rd7 29. h4 h6 30. Kg2 Rd6 31. Bc6 Rf6 32. g4 Re6 33. Bd5 Rd6 34. e4 Rd7 35. f4 f5 36. gxf5 gxf5 37. Rc6 fxe4 38. Bxe4 Rd4 39. Kf3 Rxa4 40. Rg6+ Kf7 41. Rxh6 Ra1 42. h5 Rf1+ 43. Kg4 Rg1+ 44. Kf5 Rf1 45. Rf6+ Ke7 46. Re6+ Kf8 47. Kg4 Rg1+ 48. Kh3 Bd4 49. h6 a5 50. Rd6 Bc3 51. Rc6 Bd4 52. h7 Re1 53. Rc8+ Ke7 54. Bf3 Rf1 55. Kg4 Rg1+ 56. Kf5 Rg3 57. Ke4 Rh3 58. Kxd4 Rxh7 59. Rc7+ 1-0

[Event "2nd Irena Warakomska Memorial-A"]
[Site "Suwalki"]
[Date "2018.08.03"]
[Round "3"]
[White "Czarnota, Pawel"]
[Black "Caspi, Israel"]
[Result "0-1"]
[ECO "C42"]
[WhiteElo "2548"]
[BlackElo "2454"]
[Annotator "ChessBase"]
[PlyCount "56"]
[EventDate "2018.08.01"]
[EventType "swiss"]
[EventCountry "POL"]
[SourceTitle "playchess.com"]
[Source "ChessBase"]
[SourceQuality "1"]
[TimeControl "40/5400+30:1800+30"]

1. e4 e5 2. Nf3 Nf6 3. Nxe5 d6 4. Nf3 Nxe4 5. Bd3 d5 6. O-O Be7 7. Re1 Nd6 8. Nc3 c6 9. Qe2 Nd7 10. b4 Nf8 11. b5 Ne6 12. bxc6 bxc6 13. Ne5 Qc7 14. Ba3 O-O 15. Rab1 Nf4 16. Qf3 Nxd3 17. Qxd3 Be6 18. Qa6 Rfc8 19. d4 Bf8 20. Na4 Bf5 21. Bxd6 Qxd6 22. Nc5 Bxc2 23. Rb7 Bg6 24. Rxa7 Rxa7 25. Qxc8 Rxa2 26. g3 Be4 27. f3 Qh6 28. Ng4 Qd2 0-1

[Event "2nd Irena Warakomska Memorial-A"]
[Site "Suwalki"]
[Date "2018.08.03"]
[Round "3"]
[White "Vetoshko, Volodymyr"]
[Black "Bykovskiy, Oleg"]
[Result "1-0"]
[ECO "C42"]
[WhiteElo "2525"]
[BlackElo "2263"]
[Annotator "ChessBase"]
[PlyCount "73"]
[EventDate "2018.08.01"]
[EventType "swiss"]
[EventCountry "POL"]
[SourceTitle "playchess.com"]
[Source "ChessBase"]
[SourceQuality "1"]
[TimeControl "40/5400+30:1800+30"]

1. e4 e5 2. Nf3 Nf6 3. Nxe5 d6 4. Nf3 Nxe4 5. Nc3 Nxc3 6. dxc3 Be7 7. Be3 O-O 8. Qd2 Nd7 9. O-O-O Ne5 10. Kb1 c6 11. Nxe5 dxe5 12. Bd3 Qa5 13. Qe2 Be6 14. c4 b5 15. Bd2 Qc7 16. Bc3 bxc4 17. Bxc4 Bxc4 18. Qxc4 Rfd8 19. a4 Bf6 20. Qc5 Qb6 21. Rxd8+ Rxd8 22. Qxb6 axb6 23. Re1 Kf8 24. Bxe5 Bxe5 25. Rxe5 Rd1+ 26. Ka2 Rd2 27. b4 Rxc2+ 28. Kb3 Rxf2 29. a5 bxa5 30. bxa5 Rf1 31. Re2 Ra1 32. Ra2 Rb1+ 33. Kc4 Rc1+ 34. Kb4 Rb1+ 35. Kc5 Rc1+ 36. Kb6 Rb1+ 37. Kc7 1-0

[Event "2nd Irena Warakomska Memorial-A"]
[Site "Suwalki"]
[Date "2018.08.03"]
[Round "3"]
[White "Shtembuliak, Evgeny"]
[Black "Roy, Prantik"]
[Result "1-0"]
[ECO "A40"]
[WhiteElo "2518"]
[BlackElo "2377"]
[Annotator "ChessBase"]
[PlyCount "59"]
[EventDate "2018.08.01"]
[EventType "swiss"]
[EventCountry "POL"]
[SourceTitle "playchess.com"]
[Source "ChessBase"]
[SourceQuality "1"]
[TimeControl "40/5400+30:1800+30"]

1. d4 e6 2. c4 b6 3. e4 Bb7 4. Bd3 Nc6 5. Ne2 e5 6. d5 Nb4 7. Nbc3 Nxd3+ 8. Qxd3 Nf6 9. f4 Bc5 10. Be3 Qe7 11. Bxc5 Qxc5 12. Qg3 Qe7 13. fxe5 Nh5 14. Qh3 Qxe5 15. O-O g6 16. Rf3 O-O 17. Raf1 Bc8 18. d6 Qxd6 19. g4 Qc5+ 20. Kh1 d5 21. Qh4 d4 22. Nd5 Bxg4 23. Qxg4 c6 24. Nef4 cxd5 25. Nxh5 dxe4 26. Nf6+ Kg7 27. Qxe4 Rad8 28. b4 Qg5 29. h4 Qd2 30. Qe5 1-0

[Event "2nd Irena Warakomska Memorial-A"]
[Site "Suwalki"]
[Date "2018.08.03"]
[Round "3"]
[White "Gleizerov, Evgeny"]
[Black "Teclaf, Pawel"]
[Result "1-0"]
[ECO "D85"]
[WhiteElo "2507"]
[BlackElo "2362"]
[Annotator "ChessBase"]
[PlyCount "103"]
[EventDate "2018.08.01"]
[EventType "swiss"]
[EventCountry "POL"]
[SourceTitle "playchess.com"]
[Source "ChessBase"]
[SourceQuality "1"]
[TimeControl "40/5400+30:1800+30"]

1. d4 Nf6 2. c4 g6 3. Nc3 d5 4. cxd5 Nxd5 5. Bd2 Nb6 6. Bf4 Bg7 7. e3 O-O 8. Rc1 Nc6 9. Nf3 Be6 10. Be2 Bc4 11. O-O Bxe2 12. Qxe2 Nd5 13. Bg3 e6 14. Rfd1 Nxc3 15. Rxc3 Qd5 16. Bxc7 Qxa2 17. Qb5 Qd5 18. Qxb7 Ne7 19. Qa6 Qd7 20. Qd6 Qxd6 21. Bxd6 Rfe8 22. Ra1 Nd5 23. Rca3 Rec8 24. Kf1 Rc6 25. Ra6 Rxa6 26. Rxa6 Bf8 27. Bxf8 Kxf8 28. Ne5 Nb4 29. Rd6 Ke8 30. Nc6 Nxc6 31. Rxc6 Rb8 32. Rc2 a5 33. Ke2 Rb3 34. Kf3 Ke7 35. Ke4 h5 36. Ke5 Rb5+ 37. Kf4 Kf6 38. h4 Rb4 39. Ke4 Rb3 40. f3 Ke7 41. g4 f5+ 42. gxf5 gxf5+ 43. Kf4 Kf6 44. Rc6 Rb4 45. Rd6 a4 46. Ra6 Rb5 47. e4 fxe4 48. fxe4 Kf7 49. Rxa4 Rxb2 50. Ra5 Kg6 51. Ke5 Rb6 52. Ra7 1-0

[Event "2nd Irena Warakomska Memorial-A"]
[Site "Suwalki"]
[Date "2018.08.03"]
[Round "3"]
[White "Venkataraman, Karthik"]
[Black "Tomczak, Jacek"]
[Result "0-1"]
[ECO "B50"]
[WhiteElo "2501"]
[BlackElo "2596"]
[Annotator "ChessBase"]
[PlyCount "82"]
[EventDate "2018.08.01"]
[EventType "swiss"]
[EventCountry "POL"]
[SourceTitle "playchess.com"]
[Source "ChessBase"]
[SourceQuality "1"]
[TimeControl "40/5400+30:1800+30"]

1. Nf3 c5 2. e4 d6 3. Nc3 Nf6 4. e5 dxe5 5. Nxe5 a6 6. g3 Qd6 7. Qe2 Nc6 8. Nxc6 Qxc6 9. Rg1 Bg4 10. Bg2 Qxg2 11. Rxg2 Bxe2 12. Kxe2 O-O-O 13. a4 Nd5 14. Ne4 e5 15. a5 Be7 16. b3 f5 17. Nc3 Nxc3+ 18. dxc3 h5 19. h4 Rd7 20. Rg1 Kc7 21. Be3 Rhd8 22. Rad1 Rxd1 23. Rxd1 Rxd1 24. Kxd1 c4 25. b4 Kc6 26. Ke2 Kd5 27. Bd2 Ke4 28. f3+ Kd5 29. Be1 Bf6 30. Ke3 g6 31. f4 Bd8 32. fxe5 Kxe5 33. Kf3 Bf6 34. Ke3 Ke6 35. Kf4 Be5+ 36. Kf3 Kd5 37. Ke3 Kc6 38. Kd2 Kb5 39. Kc1 Ka4 40. Kb2 f4 41. gxf4 Bxf4 0-1

[Event "2nd Irena Warakomska Memorial-A"]
[Site "Suwalki"]
[Date "2018.08.03"]
[Round "3"]
[White "Leniart, Arkadiusz"]
[Black "Tomaszewski, Roman"]
[Result "1-0"]
[ECO "D70"]
[WhiteElo "2498"]
[BlackElo "2258"]
[Annotator "ChessBase"]
[PlyCount "59"]
[EventDate "2018.08.01"]
[EventType "swiss"]
[EventCountry "POL"]
[SourceTitle "playchess.com"]
[Source "ChessBase"]
[SourceQuality "1"]
[TimeControl "40/5400+30:1800+30"]

1. d4 Nf6 2. c4 g6 3. f3 d5 4. cxd5 Nxd5 5. e4 Nb6 6. Nc3 Bg7 7. Be3 O-O 8. Qd2 e5 9. d5 c6 10. h4 cxd5 11. exd5 N8d7 12. h5 Nf6 13. hxg6 fxg6 14. O-O-O e4 15. fxe4 Ng4 16. Bc5 Re8 17. Nf3 Nd7 18. Bd4 Nde5 19. Kb1 Bd7 20. Be2 a6 21. d6 Be6 22. Nxe5 Nxe5 23. Bxe5 Bxe5 24. Nd5 Qd7 25. Bc4 h5 26. Nb6 Qf7 27. Rhf1 Bxc4 28. Rxf7 Bxf7 29. Nxa8 Rxa8 30. Qg5 1-0

[Event "2nd Irena Warakomska Memorial-A"]
[Site "Suwalki"]
[Date "2018.08.03"]
[Round "3"]
[White "Koziak, Vitali"]
[Black "Mulet, Piotr"]
[Result "1-0"]
[ECO "A33"]
[WhiteElo "2476"]
[BlackElo "2238"]
[Annotator "ChessBase"]
[PlyCount "69"]
[EventDate "2018.08.01"]
[EventType "swiss"]
[EventCountry "POL"]
[SourceTitle "playchess.com"]
[Source "ChessBase"]
[SourceQuality "1"]
[TimeControl "40/5400+30:1800+30"]

1. Nf3 Nf6 2. c4 c5 3. Nc3 Nc6 4. d4 cxd4 5. Nxd4 e6 6. Nxc6 bxc6 7. g3 Bb4 8. Bg2 Ba6 9. Qb3 Qa5 10. Bf4 Qc5 11. a3 Bxc3+ 12. Qxc3 Qxc4 13. Qd2 d5 14. Rc1 Qb5 15. Bd6 Rd8 16. Bc5 Nd7 17. Bxa7 O-O 18. b4 Ra8 19. Bd4 e5 20. Bb2 Rae8 21. Rc2 Qa4 22. Qc1 Bb5 23. O-O Nb6 24. f4 f6 25. fxe5 fxe5 26. Rxf8+ Kxf8 27. Bxe5 Nc4 28. Bd4 Ne3 29. Bxe3 Rxe3 30. Rxc6 Qa7 31. Qc5+ Qxc5 32. Rxc5 Be8 33. Bxd5 Rxa3 34. Ra5 Re3 35. Kf2 1-0

[Event "2nd Irena Warakomska Memorial-A"]
[Site "Suwalki"]
[Date "2018.08.03"]
[Round "3"]
[White "Kashlinskaya, Alina"]
[Black "Bukojemski, Adam"]
[Result "1-0"]
[ECO "D85"]
[WhiteElo "2440"]
[BlackElo "2233"]
[Annotator "NA"]
[PlyCount "89"]
[EventDate "2018.08.01"]
[EventType "swiss"]
[EventCountry "POL"]
[SourceTitle "playchess.com"]
[Source "ChessBase"]
[SourceQuality "1"]
[TimeControl "40/5400+30:1800+30"]

1. d4 Nf6 2. c4 g6 3. Nc3 d5 4. cxd5 Nxd5 5. Bd2 Bg7 6. e4 Nxc3 7. Bxc3 Nc6 8. d5 Bxc3+ 9. bxc3 Na5 10. Qd2 c6 11. c4 b5 12. cxb5 cxd5 13. exd5 Bb7 14. Rd1 Rc8 15. Nf3 f6 16. Be2 Nc4 17. Bxc4 Rxc4 18. O-O Rc5 19. Qe3 Rxd5 20. Rxd5 Qxd5 21. a4 e5 22. Qxa7 O-O 23. Qb6 Kg7 24. Rc1 Rf7 25. Qc5 Qa2 26. Qc2 Qa3 27. Nd2 Rd7 28. Nc4 Qb4 29. Ne3 Be4 30. Qc8 Qd2 31. a5 Bf5 32. Nxf5+ gxf5 33. h3 Kh6 34. Qf8+ Kg6 35. Rc6 Rf7 36. Qg8+ Rg7 37. Qe8+ Kg5 38. Qf8 Rg6 39. Qa3 f4 40. Qc3 Qd1+ 41. Kh2 e4 42. Qc5+ Kh4 43. Rxf6 Rxf6 44. g3+ fxg3+ 45. fxg3# 1-0